 Dungeon Crawl Stone Soup version 0.17-a0-1942-g46ae386 (webtiles) character file.

25 ololoev the Slasher (level 2, -1/21 HPs)
             Began as a High Elf Fighter on Sept 30, 2015.
             Killed from afar by an orc wizard (8 damage)
             ... with a magic dart
             ... on level 4 of the Dungeon.
             The game lasted 00:02:03 (283 turns).

ololoev the Slasher (High Elf Fighter)               Turns: 283, Time: 00:02:03

Health: -1/21      AC:  9    Str: 15    XL:     2   Next: 86%
Magic:  3/3        EV:  6    Int: 16    God:
Gold:   7          SH:  0    Dex: 14    Spells: 0 memorised, 1 level left

rFire  . . .     SeeInvis .     a - +0 long sword
rCold  . . .     Clarity  .     h - +0 chain mail
rNeg   . . .     SustAt   .     (no shield)
rPois  .         Gourm    .     (no helmet)
rElec  .         Spirit   .     (no cloak)
rCorr  .         Warding  .     (no gloves)
rMut   .         Stasis   .     (no boots)
MR     .....                    (no amulet)
Stlth  ..........               (no ring)
                                (no ring)

@: brilliant, slowed, very slow, not resistant to hostile enchantments,
extremely unstealthy
A: no striking features
a: no special abilities

Inventory:

Hand weapons
 a - a +0 long sword (weapon)
Armour
 c - a +0 shield
 h - a +0 chain mail (worn)
Comestibles
 d - 2 chunks of flesh
 e - a bread ration


   Skills:
 + Level 3.2 Fighting
 * Level 3.5 Long Blades
 + Level 2.9 Armour
 - Level 2.6 Shields


You had one spell level left.
You didn't know any spells.


You were on level 4 of the Dungeon.
You were not hungry.

You visited 1 branch of the dungeon, and saw 4 of its levels.

You collected 7 gold pieces.

#.............+
#.............#
+.............#
#+####..##....#
#..# ....# #..#
...... #§##
....... #§§#
....##.
#+####@§####+##
#..§ooo§§.....
..o..§##§§#.....
...o. ####.....
.##. #### #

Notes
Turn   | Place    | Note
--------------------------------------------------------------
     0 | D:1      | ololoev the High Elf Fighter began the quest for the Orb.
     0 | D:1      | Reached XP level 1. HP: 16/16 MP: 2/2
    62 | D:2      | Found a blossoming altar of Fedhas.
   122 | D:2      | Reached XP level 2. HP: 10/21 MP: 3/3
   229 | D:3      | Found a white marble altar of Elyvilon.
   232 | D:3      | Found a sparkling altar of Nemelex Xobeh.
   235 | D:3      | Found a basalt altar of Yredelemnul.
   238 | D:3      | Found a shattered altar of Ashenzari.
   283 | D:4      | Killed from afar by an orc wizard

Dungeon Overview and Level Annotations

Branches:
Dungeon (4/15)
 Temple: D:4-7

Altars:
Ashenzari
Elyvilon
Fedhas
Nemelex Xobeh
Yredelemnul


Message History

Drink which item? (? for menu, Esc to quit)
Okay, then.
Read which item? (? for menu, Esc to quit)
As you read the scroll labeled HURGHO WYJOBBUM, it crumbles to dust.
The scroll dissolves into smoke.
It was a scroll of fog.
The orc wizard hits you with a dagger.
Read which item? (? for menu, Esc to quit)
As you read the scroll labeled VIOFUH LOWOTEQ, it crumbles to dust.
It is a scroll of identify.
Identify which item? (\ to view known items) (? for menu, Esc to quit)
b - a potion of heal wounds The orc wizard points at you and mumbles some strange words.
The magic dart hits you!
Drink which item? (? for menu, Esc to quit)
It was a potion of brilliance.
You feel clever all of a sudden.
The orc wizard points at you and mumbles some strange words.
The magic dart hits you!
Drink which item? (? for menu, Esc to quit)
You feel much better. The orc wizard hits you with a dagger.
The orc wizard barely misses you.
The orc wizard gestures wildly while chanting.
The orc wizard seems to speed up.
The orc wizard hits you with a dagger.
The orc wizard hits you but does no damage.
Your chain mail prevents you from hitting the orc wizard.
The orc wizard barely misses you.
The orc wizard points at you and mumbles some strange words.
The magic dart hits you!
The orc wizard hits you but does no damage. x2
You closely miss the orc wizard.
The orc wizard hits you but does no damage.
The orc wizard casts a spell.
The orc wizard blinks!
The orc priest invokes the aid of Beogh against you.
Pain shoots through your body!
Ouch! That really hurt!
The orc wizard hits you but does no damage.
The orc wizard points at you and mumbles some strange words.
The magic dart hits you!
You die...

You could see 2 orc priests and an orc wizard.

Vanquished Creatures
  A worm (D:2)
  3 giant geckos
  3 giant cockroaches
  2 hobgoblins
  4 jackals (D:2)
  3 goblins
  A kobold (D:2)
  2 rats (D:3)
19 creatures vanquished.

Action                   || total
-------------------------++-------
Melee: Long sword        ||    48
  Use: Potion            ||     3
       Scroll            ||     2

Vault maps used:
D:1:      tarquinn_simple_flora_water_c, st_stairs_4
D:2:      nicolae_overflow_crystal_walls
D:3:      lemuel_round_altar, overflow_temple_1_default,
          grunt_temple_overflow_cloverleaf
